AoeStats
← Ritter der Kokosnuss

African Clearing

510806995Analyzed
3v3 RM · 22h ago on Oct 2, 2026· 27m 23s· 6 players
Game mode
Random Map
Map size
Normal (6 player)
Population
200
Speed
Normal
Resources
Standard
Victory
Conquest
Starting age
Dark Age
Ending age
Imperial Age
RankedLock teamsTeams togetherTeam positionsShared explorationLock speedFull tech treeHidden civsTurbo modeCheats
Victory
Defeat
🇩🇪 Mongols · Germany
1662
+23
🇩🇪 Maya · Germany
1655
+23
🇩🇪 Hindustanis · Germany
1653
+23
🇮🇪 Varangians · Ireland
1847
-24
🇨🇦 Wei · Canada
1844
-23
🇳🇱 Danes · Netherlands
1776
-22
Ritter der Kokosnuss
10:09 Loom
12:39 Feudal Age
16:14 Castle Age
14:07 Fletching
19:20 Bodkin Arrow
WenzelVonBöhmen
12:34 Feudal Age
11:13 Loom
17:02 Castle Age
14:49 Double-Bit Axe
24:18 Wheelbarrow
24:18 Fletching
24:58 Bodkin Arrow
25:25 Ballistics
Saint Martinique
11:11 Feudal Age
12:44 Double-Bit Axe
19:35 Castle Age
18:42 Gold Mining
20:40 Bow Saw
20:28 Fletching
Gloriaz
9:55 Loom
11:58 Feudal Age
16:27 Castle Age
17:15 Double-Bit Axe
18:35 Fletching
18:43 Fletching
19:03 Bow Saw
20:30 Horse Collar
21:57 Bodkin Arrow
26:12 Padded Archer Armor
LaochraGael
12:11 Feudal Age
12:58 Loom
15:41 Castle Age
13:58 Double-Bit Axe
21:11 Horse Collar
21:56 Scale Barding Armor
26:25 Wheelbarrow
26:23 Chain Barding Armor
26:31 Town Watch
27:00 Bloodlines
NuclearPasta
10:00 Loom
12:32 Feudal Age
13:50 Double-Bit Axe
14:08 Horse Collar
15:47 Wheelbarrow
26:32 Gold Mining
26:34 Stone Mining
Connection lost

Rejoining the realm…

Still unreachable

The connection could not be restored.

Session expired

The server has moved on; the page needs a fresh start.